 Dungeon Crawl Stone Soup version 0.27.0-1-g7a089689b8 (webtiles) character file.

Game seed: 2502954623418019916

2983 jimbutter the Cleaver (level 9, -9/78 HPs)
             Began as a Minotaur Berserker on Aug 2, 2021.
             Was a Priest of Trog.
             Killed from afar by an electric eel (12 damage)
             ... with a bolt of electricity
             ... on level 8 of the Dungeon.
             The game lasted 00:19:32 (7355 turns).

jimbutter the Cleaver (Minotaur Berserker)          Turns: 7355, Time: 00:19:33

Health: -9/78      AC: 10    Str: 25    XL:     9   Next: 53%
Magic:  8/8        EV: 12    Int:  7    God:    Trog [***...]
Gold:   348        SH:  0    Dex: 16    Spells: 8/8 levels left

rFire    . . .     SeeInvis +   n - +0 war axe
rCold    + . .     Faith    .   (no shield)
rNeg     . . .     Spirit   .   y - +2 ring mail of Dyspraxia {rC+ rCorr Int+3 SInv}
rPois    .         Reflect  .   (helmet restricted)
rElec    .         Harm     .   (no cloak)
rCorr    +         Rampage  .   m - +0 pair of gloves
Will     .....                  (no boots)
Stlth    +.........             (no amulet)
HPRegen  0.23/turn              r - +6 ring of dexterity
MPRegen  0.11/turn              (no ring)

@: very slow
A: horns 2, retaliatory headbutt
a: Renounce Religion, Berserk, Trog's Hand


You were on level 8 of the Dungeon.
You worshipped Trog.
Trog was most pleased with you.
You visited 1 branch of the dungeon, and saw 8 of its levels.

You collected 348 gold pieces.

Inventory:

Hand Weapons
 h - a +0 vorpal hand axe
 n - a +0 war axe (weapon)
Missiles
 c - 10 boomerangs
 g - 8 poisoned darts (quivered)
 u - 2 throwing nets
Armour
 i - a +0 chain mail
 m - a +0 pair of gloves (worn)
 y - the +2 ring mail of Dyspraxia (worn) {rC+ rCorr Int+3 SInv}
   (You found it on level 6 of the Dungeon)

   Int:       It affects your intelligence (+3).
   rC:        It protects you from cold.
   SInv:      It lets you see invisible.
   rCorr:     It protects you from acid and corrosion.
Jewellery
 r - a +6 ring of dexterity (left hand)
 B - a ring of fire
Wands
 j - a wand of flame (10)
 l - a wand of acid (8)
 t - a wand of polymorph (7)
Scrolls
 a - a scroll of noise {unknown}
 b - 2 scrolls of enchant weapon {unknown}
 d - a scroll of acquirement {unknown}
 k - 3 scrolls of teleportation
 o - a scroll of vulnerability {unknown}
 p - a scroll of blinking {unknown}
 q - a scroll of silence {unknown}
 v - a scroll of enchant armour {unknown}
 x - 3 scrolls of magic mapping {unknown}
 z - a scroll of amnesia {unknown}
 C - a scroll of identify
Potions
 e - a potion of brilliance {unknown}
 f - 2 potions of mutation
 s - 2 potions of heal wounds {unknown}
 w - 2 potions of haste {unknown}
 A - a potion of curing {unknown}


   Skills:
 + Level 6.8 Fighting
 * Level 13.0 Axes
 + Level 7.3 Armour
 - Level 2.1 Dodging
 + Level 1.1 Stealth


You had 8 spell levels left.
You didn't know any spells.
Your spell library was empty.

Dungeon Overview and Level Annotations

Branches:
Dungeon (8/15)             Temple (0/1) D:6
   Lair: D:8-11

Altars:
Makhleb
Xom
Yredelemnul


Innate Abilities, Weirdness & Mutations

You have a pair of horns on your head.
You reflexively headbutt those who attack you in melee.


Message History

The electric eel shoots out a bolt of lightning at you!
The bolt of electricity hits you.
The electric eel shoots out a bolt of lightning at you!
The bolt of electricity misses you.
The electric eel shoots out a bolt of lightning at you!
The bolt of electricity misses you.
An electric eel comes into view.
The electric eel shoots out a bolt of lightning at you!
The bolt of electricity hits you.
A nearby plant withers and dies.
The electric eel shoots out a bolt of lightning at you!
The bolt of electricity misses you.
An electric eel comes into view.
The electric eel shoots out a bolt of lightning at you!
The bolt of electricity hits you!
The electric eel shoots out a bolt of lightning at you!
The bolt of electricity hits the electric eel.
The electric eel completely resists.
The bolt of electricity hits you. The bolt of electricity misses you.
The bolt of electricity hits the electric eel.
The electric eel completely resists.
The electric eel shoots out a bolt of lightning at you!
The bolt of electricity hits you! x2
* * * LOW HITPOINT WARNING * * *
The bolt of electricity hits the electric eel.
The electric eel completely resists.
The bolt of electricity hits the electric eel.
The electric eel completely resists.
Your unstable footing causes you to fumble your attack.
The electric eel shoots out a bolt of lightning at you!
The bolt of electricity hits the electric eel.
The electric eel completely resists.
The bolt of electricity hits you.
* * * LOW HITPOINT WARNING * * *
The bolt of electricity hits you!
* * * LOW HITPOINT WARNING * * *
The bolt of electricity hits the electric eel.
The electric eel completely resists.
The electric eel shoots out a bolt of lightning at you!
The bolt of electricity hits you!
You die...

≈♣≈≈≈≈≈≈≈≈
♣≈≈≈≈≈≈≈≈≈;
♣≈≈≈≈;;≈≈≈≈
♣≈≈≈≈≈≈≈≈≈≈
#♣♣≈≈≈≈≈≈≈≈≈≈
#.≈≈≈≈≈≈≈≈≈♣≈
#.≈≈♣≈≈≈≈≈≈≈≈
#.@;;♣≈≈≈≈♣ #.≈♣≈≈≈♣
#.#######..♣≈≈≈≈≈≈≈≈≈
#.........#♣♣≈≈≈≈♣≈≈≈
#####..####P♣≈≈≈≈≈≈♣♣
#....# >#♣♣≈≈≈≈≈≈
##.#.##...♣≈♣♣≈.#
#.....# .♣♣ ..#
##.)...# #.#....


You could see 4 electric eels.

Vanquished Creatures
  A troll (D:5)
  Grinder (D:3)
  Sigmund (D:2)
  Grum (D:8)
  A water moccasin (D:7)
  3 sky beasts
  An orc warrior (D:7)
  2 necrophages
  An ogre (D:5)
  2 wolves (D:8)
  2 centaurs
  2 bullfrogs
  A scorpion (D:6)
  2 gnoll sergeants (D:8)
  A water moccasin zombie (D:3)
  A wyvern skeleton (D:6)
  A howler monkey (D:8)
  A crimson imp (D:3)
  A centaur zombie (D:7)
  4 jellies
  2 orc priests
  A bullfrog zombie (D:6)
  A hound (D:4)
  A bullfrog skeleton (D:6)
  2 iguanas
  Ijyb (D:3)
  5 orc wizards
  2 hound skeletons (D:4)
  6 gnolls (D:8)
  9 adders
  A shadow imp (D:8)
  An adder skeleton (D:4)
  3 worms
  3 dart slugs
  14 orcs
  4 bats
  7 endoplasms
  A giant cockroach (D:3)
  5 goblins
  9 hobgoblins
  7 jackals (D:4)
  4 quokkas
  5 ball pythons
  A frilled lizard (D:2)
  3 kobolds (D:1)
  A quokka skeleton (D:4)
  5 rats
134 creatures vanquished.

Vanquished Creatures (others)
  36 plants
36 creatures vanquished.

Grand Total: 170 creatures vanquished

Notes
Turn   | Place    | Note
-------+----------+-------------------------------------------
     0 | D:1      | jimbutter the Minotaur Berserker began the quest for the
                  | Orb.
     0 | D:1      | Reached XP level 1. HP: 19/19 MP: 0/0
    77 | D:1      | Reached skill level 4 in Axes
    77 | D:1      | Reached XP level 2. HP: 21/27 MP: 1/1
   626 | D:2      | Reached XP level 3. HP: 33/33 MP: 2/2
   682 | D:2      | Noticed Sigmund
   687 | D:2      | Reached ** piety under Trog
   911 | D:2      | Reached skill level 5 in Axes
   930 | D:2      | Reached XP level 4. HP: 12/40 MP: 3/3
  1310 | D:3      | Found a basalt altar of Yredelemnul.
  1316 | D:3      | Noticed Grinder
  1351 | D:3      | Killed Grinder
  1352 | D:3      | Reached skill level 7 in Axes
  1352 | D:3      | Reached XP level 5. HP: 26/47 MP: 4/4
  1584 | D:3      | Noticed Ijyb
  1587 | D:3      | Killed Ijyb
  1588 | D:3      | Reached XP level 6. HP: 53/53 MP: 5/5
  1707 | D:3      | Found a shimmering altar of Xom.
  1707 | D:3      | Found a burning altar of Makhleb.
  2187 | D:2      | Found a faded altar of an unknown god.
  2323 | D:2      | Killed Sigmund
  2324 | D:2      | Reached skill level 8 in Axes
  2324 | D:2      | Reached XP level 7. HP: 60/60 MP: 6/6
  3088 | D:4      | Reached skill level 9 in Axes
  3527 | D:5      | Entered Level 5 of the Dungeon
  3668 | D:5      | Reached skill level 5 in Armour
  3771 | D:5      | Reached skill level 5 in Fighting
  3873 | D:5      | Reached XP level 8. HP: 57/68 MP: 7/7
  3947 | D:5      | Noticed a troll
  3957 | D:5      | Killed a troll
  3958 | D:5      | Reached skill level 10 in Axes
  4544 | D:6      | Found a staircase to the Ecumenical Temple.
  4926 | D:6      | Reached skill level 11 in Axes
  5119 | D:6      | Identified the +2 ring mail of Dyspraxia {rC+ rCorr Int+3
                  | SInv}
  5773 | D:7      | Reached XP level 9. HP: 75/75 MP: 8/8
  5837 | D:7      | Reached *** piety under Trog
  6053 | D:7      | Reached skill level 12 in Axes
  6741 | D:8      | Noticed Grum
  6761 | D:8      | Reached skill level 1 in Stealth
  6764 | D:8      | Killed Grum
  7319 | D:8      | Reached skill level 13 in Axes
  7355 | D:8      | HP: 3/78 [electric eel/bolt of electricity (8)]
  7355 | D:8      | Killed from afar by an electric eel

Illustrated notes

Levels and vault maps discovered:
D:1:      lightli_molten_gateway, layout_rooms, serial_bayou_crossing
D:2:      layout_basic, hellmonk_ecumenical_altar_crossroads,
          hangedman_decor_opposing, minmay_guardbox, uniq_sigmund
D:3:      layout_loops_ring, grunt_temple_overflow_champion_of_chaos,
          mainiacjoe_overflow_tiny_flanked, roderic_roman_lattice,
          serial_park_tiny_1, uniq_grinder, uniq_ijyb
D:4:      layout_basic
D:5:      layout_rooms
D:6:      layout_gridville, minmay_temple_entry_large_hall,
          kennysheep_generic_room_11
D:7:      layout_basic
D:8:      wander_river, layout_loops_cross, amcnicky_altar_gilded,
          nemelex_spade_bored_becter, serial_bayou_lake_a, uniq_grum,
          uniq_maurice

Skill      XL: |  1  2  3  4  5  6  7  8  9 |
---------------+----------------------------+-----
Axes           | 4 5 7 8 9 11 13 | 13.0
Fighting       | 4 5 6 |  6.8
Armour         | 3 4 5 6 7 |  7.3
Stealth        | 1 |  1.1
Dodging        | |  2.1

Action                   |  1- 3 |  4- 6 |  7- 9 || total
-------------------------+-------+-------+-------++-------
Melee: Hand axe          |    60 |    59 |   109 ||   228
       Headbutt          |     7 |     7 |    50 ||    64
       War axe           |       |       |   117 ||   117
Invok: Trog's Hand       |       |     2 |     2 ||     4
       Berserk           |       |     2 |     3 ||     5
  Use: Scroll            |       |       |     3 ||     3
Armor: Ring mail         |    14 |       |    49 ||    63
       Animal skin       |     2 |       |       ||     2
       Chain mail        |       |    26 |    48 ||    74
Dodge: Dodged            |    37 |    25 |    98 ||   160
